 Dungeon Crawl Stone Soup version 0.25-a0-62-g88673ef095 (webtiles) character file.

Game seed: 4434179218741299500, levelgen mode: deterministic

7015 iamserjio the Thrower (level 11, 0/80 HPs)
             Began as an Octopode Berserker on Nov 1, 2019.
             Was a High Priest of Trog.
             Slain by a sky beast (5 damage)
             ... on level 10 of the Dungeon.
             The game lasted 00:14:30 (11429 turns).

iamserjio the Thrower (Octopode Berserker)         Turns: 11429, Time: 00:14:31

Health: 0/80       AC:  1    Str: 17    XL:     11   Next: 8%
Magic:  12/12      EV: 16    Int:  9    God:    Trog [*****.]
Gold:   472        SH: 11    Dex: 15    Spells: 10/10 levels left

rFire    . . .     SeeInvis .   L - +4 morningstar
rCold    . . .     Gourm    .   q - +0 shield
rNeg     . . .     Faith    +   (helmet restricted)
rPois    .         Spirit   .   K - amulet of faith
rElec    .         Reflect  .   (no ring)
rCorr    .         Harm     .   (no ring)
MR       .....                  (no ring)
Stlth    ++........             (no ring)
HPRegen  0.23/turn              (no ring)
MPRegen  0.13/turn              (no ring)
                                (no ring)
                                (no ring)

@: lethally poisoned (0 -> -1), berserk cooldown, slowed, very slow
A: almost no armour, stealthy swim, amphibious, 8 rings, constrict 8, camouflage
1, gelatinous body 1
a: Berserk, Trog's Hand, Brothers in Arms, Renounce Religion


You were on level 10 of the Dungeon.
You worshipped Trog.
Trog was extremely pleased with you.
You were not hungry.

You visited 1 branch of the dungeon, and saw 10 of its levels.

You collected 472 gold pieces.

Inventory:

Hand Weapons
 i - a +0 trident
 A - a +0 whip of freezing
 L - a +4 morningstar (weapon)
Missiles
 g - 6 atropa-tipped darts (quivered)
 y - a javelin
 z - 3 boomerangs
 H - 5 silver javelins
Armour
 q - a +0 shield (worn)
Jewellery
 t - an uncursed ring of ice
 K - an amulet of faith (around mantle)
Wands
 m - a wand of polymorph (1)
 v - a wand of paralysis (3)
 F - a wand of random effects (6)
Scrolls
 d - 9 scrolls of teleportation {@r3}
 f - 6 scrolls of remove curse {@r2}
 h - 2 scrolls of enchant weapon
 j - a scroll of fear
 l - 3 scrolls of magic mapping
 J - a scroll of blinking
Potions
 c - 2 potions of haste
 e - 2 potions of cancellation
 r - 2 potions of brilliance
 u - a potion of ambrosia {unknown}
 w - a potion of agility {unknown}
 x - a potion of heal wounds
 C - a potion of magic
 D - 2 potions of curing {@q1}
 E - a potion of flight
 I - a potion of lignification
Comestibles
 b - 16 rations


   Skills:
 + Level 9.2 Fighting
   Level 3.0 Short Blades
 * Level 3.2 Maces & Flails
 + Level 9.6 Throwing
 - Level 6.5 Dodging
 + Level 7.5 Shields
 + Level 2.6 Evocations


You had 10 spell levels left.
You didn't know any spells.
Your spell library was empty.

Dungeon Overview and Level Annotations

Branches:
Dungeon (10/15)            Temple (0/1) D:5            Lair (0/6) D:8
    Orc: D:9-12

Altars:
Ashenzari
Elyvilon
Gozag
Makhleb
Nemelex Xobeh
Ru
Sif Muna
Vehumet
Wu Jian
Xom
Yredelemnul
The Shining One


Innate Abilities, Weirdness & Mutations

You cannot wear most types of armour.
You are very stealthy in the water. (Stealth+)
You are amphibious.
You can wear up to eight rings at the same time.
You can use your tentacles to constrict eight enemies at once.
Your skin changes colour to match your surroundings (Stealth+).
Your rubbery body absorbs attacks. (AC +1, EV +1)


Message History

Deactivating autopickup; reactivate with Ctrl-A.
Something hits you.
* * * LOW HITPOINT WARNING * * *
Something shocks you.
* * * LOW HITPOINT WARNING * * *
You barely miss something.
You feel sick.
You completely miss something. Something hits you.
* * * LOW HITPOINT WARNING * * *
Something shocks you.
* * * LOW HITPOINT WARNING * * *
You miss something. Your squeeze misses something.
Something hits you but does no damage.
You closely miss something. You squeeze something!
You are no longer berserk.
You are exhausted.
You feel yourself slow down.
You feel sick. Something barely misses you.
You miss something. Something hits you.
* * * LOW HITPOINT WARNING * * *
Something shocks you.
You die...

#####################
.#...#..#...........#
.#...#..#...........#
.'...#..#...........#
.#...#..#..#####....#
.#...#..#...#...@{..#
#...#...'...#.......#
#8.8#...#...#.......#
#...##'##...#.......#
#♣.♣##..##'##.......#
#...##..#...#..#....#
#♣.♣#####...#..#....#
#...##..#...#..#....#
#8.8##..##'##


There were no monsters in sight!

Vanquished Creatures
  A two-headed ogre (D:10)
  Pikel (D:7)
  A hornet (D:10)
  Sigmund (D:2)
  A wraith (D:10)
  A yak (D:7)
  3 hogs (D:7)
  A human (D:7)
  Menkaure (D:4)
  5 porcupines (D:8)
  2 orc warriors
  A slave (D:7)
  An eye of draining (D:10)
  3 ogres
  2 black bears (D:8)
  A phantom (D:5)
  3 centaurs
  3 ice beasts
  2 crocodiles
  A big kobold (D:5)
  Blork the orc (D:4)
  4 bullfrogs
  A wyvern skeleton (D:6)
  A water moccasin zombie (D:8)
  3 scorpions
  3 jellies
  7 killer bees
  5 wights (D:9)
  2 lava snakes (D:9)
  2 crimson imps
  A bullfrog zombie (D:8)
  3 quasits
  5 hounds
  6 orc priests
  A centaur skeleton (D:4)
  2 gnoll shamans
  3 iguanas
  Natasha (thrice) (D:2)
  Terence (D:2)
  7 worker ants
  3 orc wizards
  2 worker ant zombies
  14 gnolls
  6 adders
  2 oozes
  2 adder skeletons (D:8)
  5 leopard geckos
  22 orcs
  5 giant cockroaches
  4 hobgoblins
  18 jackals
  8 quokkas
  3 ball pythons
  8 bats
  4 frilled lizards
  7 goblins
  13 kobolds
  A quokka skeleton (D:4)
  6 rats
  A plant (D:8)
230 creatures vanquished.

Vanquished Creatures (others)
  A slave (D:7)
  4 fungi (D:8)
5 creatures vanquished.

Grand Total: 235 creatures vanquished

Notes
Turn   | Place    | Note
-------+----------+-------------------------------------------
     0 | D:1      | iamserjio the Octopode Berserker began the quest for the
                  | Orb.
     0 | D:1      | Reached XP level 1. HP: 16/16 MP: 1/1
    14 | D:1      | Reached XP level 2. HP: 19/21 MP: 2/2
    61 | D:1      | Reached skill level 1 in Throwing
   508 | D:1      | Reached XP level 3. HP: 22/26 MP: 3/3
  1095 | D:2      | Noticed Terence
  1104 | D:2      | Killed Terence
  1104 | D:2      | Reached XP level 4. HP: 31/31 MP: 4/4
  1289 | D:2      | Noticed Sigmund
  1299 | D:2      | Killed Sigmund
  1299 | D:2      | Reached ** piety under Trog
  1299 | D:2      | Reached XP level 5. HP: 37/37 MP: 5/5
  1404 | D:2      | Reached XP level 6. HP: 40/43 MP: 6/6
  1496 | D:2      | Noticed Natasha
  1501 | D:2      | Killed Natasha
  1525 | D:2      | Noticed Natasha
  1533 | D:2      | Killed Natasha
  1713 | D:2      | Found a runed translucent door.
  1714 | D:2      | Noticed Crazy Yiuf
  1728 | D:2      | Noticed Natasha
  1737 | D:2      | Killed Natasha
  1932 | D:2      | Paralysed by Crazy Yiuf for 2 turns
  1936 | D:2      | Noticed Crazy Yiuf
  1936 | D:2      | Crazy Yiuf changed into Crazy Yiuf the bat
  2075 | D:2      | Killed Crazy Yiuf the bat
  2197 | D:3      | Reached skill level 5 in Dodging
  2771 | D:4      | Noticed Blork the orc
  2776 | D:4      | Killed Blork the orc
  2963 | D:4      | Reached XP level 7. HP: 46/48 MP: 7/7
  3337 | D:4      | Noticed Menkaure
  3341 | D:4      | Killed Menkaure
  3341 | D:4      | Reached *** piety under Trog
  3353 | D:4      | Found a shimmering altar of Xom.
  3353 | D:4      | Found a glowing golden altar of the Shining One.
  3353 | D:4      | Found an opulent altar of Gozag.
  3353 | D:4      | Found a burning altar of Makhleb.
  3354 | D:4      | Found a basalt altar of Yredelemnul.
  3354 | D:4      | Found a radiant altar of Vehumet.
  3355 | D:4      | Found an ornate altar of the Wu Jian Council.
  3453 | D:4      | Found a white marble altar of Elyvilon.
  3492 | D:5      | Entered Level 5 of the Dungeon
  3509 | D:5      | Reached skill level 5 in Throwing
  3926 | D:5      | Reached XP level 8. HP: 47/54 MP: 8/8
  3929 | D:5      | Reached skill level 5 in Fighting
  4217 | D:5      | Found a staircase to the Ecumenical Temple.
  4399 | D:5      | Reached skill level 1 in Shields
  4538 | D:5      | Found a burning altar of Makhleb.
  5119 | D:6      | Found a shattered altar of Ashenzari.
  5752 | D:6      | Reached XP level 9. HP: 62/62 MP: 9/9
  5949 | D:6      | Reached **** piety under Trog
  6567 | D:7      | Noticed Pikel
  6610 | D:7      | Killed Pikel
  7113 | D:7      | Reached skill level 5 in Shields
  7281 | D:7      | Reached XP level 10. HP: 72/72 MP: 10/10
  7981 | D:8      | Reached ***** piety under Trog
  8525 | D:8      | Received a gift from Trog
  8616 | D:8      | Found a staircase to the Lair.
  8659 | D:8      | Found a shimmering altar of Xom.
  8682 | D:8      | Found a burning altar of Makhleb.
  8921 | D:8      | Found a sacrificial altar of Ru.
  9388 | D:8      | Found a shimmering blue altar of Sif Muna.
 10032 | D:9      | Reached skill level 1 in Evocations
 10219 | D:9      | Found a sparkling altar of Nemelex Xobeh.
 10318 | D:10     | Entered Level 10 of the Dungeon
 10341 | D:10     | Received a gift from Trog
 10430 | D:10     | Noticed a two-headed ogre
 10443 | D:10     | Killed a two-headed ogre
 10731 | D:10     | Reached XP level 11. HP: 80/80 MP: 3/12
 10849 | D:10     | HP: 4/80 [something (4)]
 11416 | D:10     | Paralysed by a hornet for 1 turns
 11429 | D:10     | Slain by a sky beast

Levels and vault maps discovered:
D:1:      minmay_arrival_open_corners, layout_basic,
          chequers_serial_rivers_micro_e
D:2:      layout_loops_ring, first_ration, uniq_sigmund, uniq_terence,
          uniq_natasha, uniq_crazy_yiuf_cottage
D:3:      layout_rooms, minmay_strange_pillars, serial_bayou_pond_a
D:4:      layout_rooms, minitemple, lemuel_round_altar, uniq_menkaure,
          uniq_blork_the_orc
D:5:      layout_basic, minmay_temple_entry_trees, makhleb_blood_cavern_becter
D:6:      layout_loops_corners, cheibrodos_ashenzari_chains
D:7:      layout_loops_ring, grunt_livestock, uniq_pikel
D:8:      layout_cave_pools, hangedman_ru_absence,
          nicolae_overflow_hidden_temple, due_lair_maze_entry_diamond,
          basic_altar, david_defended_altar_orc
D:9:      layout_big_octagon, lemuel_round_altar
D:10:     layout_grid_maze, chequers_avenue

Skill      XL: |  1  2  3  4  5  6  7  8  9 10 11 |
---------------+----------------------------------+-----
Throwing       | 1 2 3 4 5 6 8 9 |  9.6
Dodging        | 4 5 6 |  6.5
Fighting       | 4 6 7 9 |  9.2
Shields        | 3 5 7 |  7.5
Evocations     | 2 |  2.6
Maces & Flails | 2 3 |  3.2
Short Blades   | |  3.0

Action                   |  1- 3 |  4- 6 |  7- 9 | 10-12 || total
-------------------------+-------+-------+-------+-------++-------
Melee: Short sword       |    53 |    14 |       |       ||    67
       Tentacles         |     9 |    11 |    61 |    69 ||   150
       Constrict         |    13 |    18 |    51 |    51 ||   133
       Dagger            |       |    32 |    98 |   171 ||   301
       Quarterstaff      |       |    36 |   137 |       ||   173
       Morningstar       |       |       |       |    67 ||    67
Throw: Javelin           |       |       |     2 |     2 ||     4
       Boomerang         |       |       |       |    17 ||    17
       Dart              |       |       |       |     5 ||     5
Invok: Berserk           |     1 |     1 |     8 |     7 ||    17
Evoke: Wand              |       |     5 |     6 |     3 ||    14
  Use: Potion            |       |     1 |       |       ||     1
       Scroll            |       |       |     4 |    11 ||    15
 Stab: Sleeping          |     2 |     8 |     7 |     3 ||    20
       Paralysed         |       |       |     5 |     3 ||     8
  Eat: Chunk             |     1 |     7 |    20 |    11 ||    39
       Ration            |       |       |       |     3 ||     3
Armor: Skin              |     5 |    10 |     8 |     7 ||    30
Dodge: Dodged            |    29 |    65 |   139 |   114 ||   347
Block: Shield            |       |       |    27 |   111 ||   138

Table legend:
 A = Non-vault XP
 B = Vault XP
 C = Vault XP percentage of total XP
 D = Non-vault monster count
 E = Vault monster count
 F = Vault count percentage of total count
                 A         B        C        D         E       F
            +---------+---------+-------+---------+---------+-------
      Total |    6338 |    3684 |  36.8 |     200 |      28 |  12.3
            +---------+---------+-------+---------+---------+-------
        D:1 |      45 |       0 |   0.0 |      26 |       0 |   0.0
        D:2 |      98 |     296 |  75.1 |      19 |       4 |  17.4
        D:3 |      39 |       0 |   0.0 |      16 |       0 |   0.0
        D:4 |     213 |     250 |  54.0 |      10 |       2 |  16.7
        D:5 |     730 |      40 |   5.2 |      24 |       1 |   4.0
        D:6 |     816 |       0 |   0.0 |      25 |       0 |   0.0
        D:7 |     944 |    1631 |  63.3 |      22 |       7 |  24.1
        D:8 |     806 |    1467 |  64.5 |      26 |      14 |  35.0
        D:9 |     602 |       0 |   0.0 |      14 |       0 |   0.0
       D:10 |    2045 |       0 |   0.0 |      18 |       0 |   0.0
            +---------+---------+-------+---------+---------+-------
